 Dungeon Crawl Stone Soup version 0.29-a0-371-g91724d5b39 (webtiles) character file.

Game seed: 1527367243492497742

55681 IndexError the Thaumaturge (level 14, -4/116 HPs)
             Began as a Gnoll Ice Elementalist on May 3, 2022.
             Was an Elder of Ashenzari.
             Slain by Luiriw's ghost (29 damage)
             ... on level 3 of the Lair of Beasts.
             The game lasted 01:14:16 (30922 turns).

IndexError the Thaumaturge (GnIE)                  Turns: 30922, Time: 01:14:16

Health: -4/116     AC: 28    Str: 11    XL:     14   Next: 78%
Magic:  18/31      EV: 15    Int: 23    God:    Ashenzari [****..]
Gold:   1558       SH:  6    Dex:  9    Spells: 3/40 levels left

rFire   + + .      SeeInvis +   f - +5 hand crossbow "Disgust of Ashenzari" {vorpal, Self, Elem} (curse)
rCold   + + .      Faith    .   H - +0 buckler
rNeg    . . .      Spirit   .   z - +0 leather armour of the Eye in the Sky {rF+ Int+3 Dex-2, Cun, Elem} (curse)
rPois   +          Reflect  .   i - +2 helmet
rElec   +          Harm     .   l - +2 cloak "Thunder Perfect Mind" {Elem, Cun} (curse)
rCorr   .          Rampage  .   c - +2 pair of gloves "the Doldrums of the Sky" {Fly rC++ Dex-3 SInv, Bglg, Self} (curse)
Will    +....      Clarity  +   y - +4 pair of boots "Per Aspera Ad Scientiam" {rElec rPois Str+3 Int+2, Evo, Elem} (curse)
Stlth   +++++.....              G - amulet of magic regeneration
HPRegen 0.29/turn               E - ring of flight {+Fly, !d}
MPRegen 0.62/turn               A - ring of Ashenzari's Black Moon {rF+, rF+, !d, Bglg, Elem} (curse)

@: ice-armoured, freezing walls, flying
A: fangs 1, strong nose, distributed training
a: Renounce Religion, Curse Item, Shatter the Chains


You were on level 3 of the Lair of Beasts.
You worshipped Ashenzari.
Ashenzari was greatly pleased with you.
You visited 4 branches of the dungeon, and saw 20 of its levels.
You also visited: Sewer and Volcano.

You collected 2209 gold pieces.
You spent 651 gold pieces at shops.

Inventory:

Hand Weapons
 f - the cursed +5 hand crossbow "Disgust of Ashenzari" (weapon) {vorpal, Self, Elem}
   (You bought it in a shop on level 9 of the Dungeon)

   Any ammunition fired from it inflicts extra damage upon your enemies.
   It has a curse which improves the following skills: Introspection: Fighting
   and Spellcasting.
   Elements:  Fire Magic, Ice Magic, Air Magic and Earth Magic.
Missiles
 s - 4 curare-tipped darts
 K - 2 throwing nets {=f, !d}
Armour
 c - the cursed +2 pair of gloves "the Doldrums of the Sky" (worn) {Fly rC++ Dex-3 SInv, Bglg, Self}
   (You acquired it on level 8 of the Dungeon)

   Dex:       It affects your dexterity (-3).
   rC:        It greatly protects you from cold.
   SInv:      It lets you see invisible.
   Fly:       It grants you flight.
   It has a curse which improves the following skills: Beguiling: Conjurations,
   Hexes and Translocations.
   Introspection: Fighting and Spellcasting.
 i - a +2 helmet (worn)
   (You found it on level 1 of the Dungeon)
 l - the cursed +2 cloak "Thunder Perfect Mind" (worn) {Elem, Cun}
   (You found it on level 2 of the Dungeon)

   It has a curse which improves the following skills: Elements: Fire Magic, Ice
   Magic, Air Magic and Earth Magic.
   Cunning:   Dodging and Stealth.
 x - a +0 chain mail
   (You found it on level 3 of the Lair of Beasts)
 y - the cursed +4 pair of boots "Per Aspera Ad Scientiam" (worn) {rElec rPois Str+3 Int+2, Evo, Elem}
   (You found it on level 10 of the Dungeon)

   Str:       It affects your strength (+3).
   Int:       It affects your intelligence (+2).
   rElec:     It insulates you from electricity.
   rPois:     It protects you from poison.
   It has a curse which improves the following skills: Evocations: Evocations.
   Elements:  Fire Magic, Ice Magic, Air Magic and Earth Magic.
 z - the cursed +0 leather armour of the Eye in the Sky (worn) {rF+ Int+3 Dex-2, Cun, Elem}
   (You found it on level 3 of the Dungeon)

   Int:       It affects your intelligence (+3).
   Dex:       It affects your dexterity (-2).
   rF:        It protects you from fire.
   It has a curse which improves the following skills: Cunning: Dodging and
   Stealth.
   Elements:  Fire Magic, Ice Magic, Air Magic and Earth Magic.
 H - a +0 buckler (worn)
   (You found it on level 5 of the Dungeon)
 N - a +3 ring mail
   (You found it on level 3 of the Lair of Beasts)
 O - a +0 ring mail
   (You found it on level 3 of the Lair of Beasts)
 P - a +0 leather armour
   (You took it off a meliai on level 3 of the Lair of Beasts)
 R - a +1 robe of fire resistance
   (You took it off a meliai on level 3 of the Lair of Beasts)
 U - a scarf of harm
   (You found it on level 3 of the Lair of Beasts)
 V - a +0 robe
   (You took it off a meliai on level 3 of the Lair of Beasts)
Magical Staves
 p - a staff of fire {rF+}
   (You found it on level 12 of the Dungeon)
Jewellery
 A - the cursed ring of Ashenzari's Black Moon (right hand) {rF+, rF+, !d, Bglg, Elem}
   (You found it on level 10 of the Dungeon)

   [ring of protection from fire]

   rF:        It protects you from fire.
   It has a curse which improves the following skills: Beguiling: Conjurations,
   Hexes and Translocations.
   Elements:  Fire Magic, Ice Magic, Air Magic and Earth Magic.
 E - a ring of flight (left hand) {+Fly, !d}
   (You found it on level 5 of the Dungeon)
 G - an amulet of magic regeneration (around neck)
   (You found it on level 5 of the Dungeon)
Wands
 d - a wand of iceblast (7)
   (You found it on level 6 of the Dungeon)
 r - a wand of charming (10)
   (You found it on level 6 of the Dungeon)
 I - a wand of paralysis (5)
   (You found it on level 5 of the Dungeon)
 L - a wand of acid (5)
   (You found it on level 1 of the Lair of Beasts)
Scrolls
 a - a scroll of enchant weapon
 g - 10 scrolls of teleportation
 o - 3 scrolls of magic mapping {!r}
 q - 7 scrolls of fog
 t - 4 scrolls of immolation {!r}
 w - 3 scrolls of summoning
 B - 2 scrolls of fear
 D - 3 scrolls of blinking {!r}
 F - 2 scrolls of amnesia
 J - a scroll of silence
 S - a scroll of enchant armour
Potions
 b - 2 potions of magic
 e - 5 potions of resistance
 h - a potion of berserk rage {!q}
 j - a potion of lignification {!q}
 k - 4 potions of brilliance
 m - a potion of might
 n - 5 potions of ambrosia
 u - 8 potions of curing
 v - 4 potions of mutation {!q}
 Q - 3 potions of haste
Miscellaneous
 C - a piece from Xom's chessboard (15/15)
   (You found it on level 1 of the Lair of Beasts)
 T - a phantom mirror
   (You found it on level 2 of the Lair of Beasts)


   Skills:
 + Level 9.5(12.5) Fighting
 + Level 9.5 Short Blades
 + Level 9.5 Long Blades
 + Level 9.5 Axes
 + Level 9.5 Maces & Flails
 + Level 9.5 Polearms
 + Level 9.5 Staves
 + Level 9.5 Slings
 + Level 9.5 Bows
 + Level 9.5 Crossbows
 + Level 9.5 Throwing
 + Level 9.5 Armour
 + Level 10.6(13.5) Dodging
 + Level 10.4(13.3) Stealth
 + Level 9.5 Shields
 + Level 9.5 Unarmed Combat
 + Level 10.8(13.7) Spellcasting
 + Level 7.9(11.0) Conjurations
 + Level 7.9(11.0) Hexes
 + Level 7.9 Summonings
 + Level 7.9 Necromancy
 + Level 7.9(11.0) Translocations
 + Level 7.9 Transmutations
 + Level 7.9(13.4) Fire Magic
 + Level 10.7(16.2) Ice Magic
 + Level 7.9(13.4) Air Magic
 + Level 7.9(13.4) Earth Magic
 + Level 7.9 Poison Magic
 + Level 10.4 Invocations
 + Level 9.5(11.5) Evocations


You had 3 spell levels left.
You knew the following spells:

 Your Spells              Type           Power      Damage    Failure   Level
a - Freeze                Ice            100%       1d11      0%          1
b - Frozen Ramparts       Ice            100%       1d12      1%          3
c - Ensorcelled Hibernat  Hex/Ice        100%       N/A       1%          2
d - Summon Guardian Gole  Hex/Summ       56%        N/A       1%          3
e - Call Canine Familiar  Summ           51%        N/A       1%          3
f - Hailstorm             Conj/Ice       68%        3d14      1%          4
g - Fireball              Conj/Fire      32%        3d14      1%          5
h - Starburst             Conj/Fire      32%        6d10      6%          6
i - Ozocubu's Refrigerat  Ice            37%        4d12      6%          7
A - Ozocubu's Armour      Ice            74%        N/A       1%          3

Your spell library contained the following spells:

 Spells                   Type           Power      Damage    Failure   Level
 Summon Small Mammal      Summ           100%       N/A       1%          1
 Corpse Rot               Necr/Air       100%       N/A       1%          2
 Gell's Gravitas          Tloc           60%        N/A       1%          3
 Portal Projectile        Hex/Tloc       100%       N/A       1%          3
 Spider Form              Tmut/Pois      51%        N/A       1%          3
 Teleport Other           Tloc           60%        N/A       1%          3
 Anguish                  Hex/Necr       28%        N/A       1%          4
 Leda's Liquefaction      Hex/Erth       32%        N/A       1%          4
 Dispel Undead            Necr           51%        3d19      2%          4
 Dispersal                Tloc           30%        N/A       10%         6
 Death Channel            Necr           25%        N/A       32%         6
 Ignition                 Fire           33%        3d10      83%         8


Dungeon Overview and Level Annotations

Branches:
Dungeon (14/15)            Temple (1/1) D:6            Lair (3/6) D:8
  Swamp (0/4) Lair:3        Snake (0/4) Lair:3          Orc (2/2) D:12
    Elf (0/3) Orc:2         Sewer (visited)         Volcano (visited)
 Vaults: D:13-14

Altars:
Ashenzari
Cheibriados
Dithmenos
Elyvilon
Fedhas
Gozag
Hepliaklqana
Kikubaaqudgha
Makhleb
Nemelex Xobeh
Okawaru
Qazlal
Ru
Sif Muna
Trog
Uskayaw
Vehumet
Wu Jian
Xom
Yredelemnul
Zin
The Shining One
Beogh

Shops:
D:7 *   D:9 !(   Orc:2 ??

Annotations:
D:14 1 runed translucent door, Jorgrun, Roxanne
Lair:1 3 runed translucent doors, dricus's ghost, journeyman GnWn
Lair:3 1 transporter, Luiriw's ghost, journeyman TrMo
Orc:2 exclusion: door, Rupert


Innate Abilities, Weirdness & Mutations

You have very sharp teeth.
Your uncanny sense of smell can sniff out nearby items.
Your experience applies equally to all skills.


Message History

You shoot a bolt. The bolt hits Luiriw's ghost!
Luiriw's ghost hits you.
You take 1 damage, and have 86/116 hp.
You shoot a bolt.
The bolt completely misses Luiriw's ghost.
Luiriw's ghost hits you.
You take 5 damage, and have 81/116 hp.
You shoot a bolt. The bolt barely misses Luiriw's ghost.
Luiriw's ghost completely misses you.
You shoot a bolt. The bolt barely misses Luiriw's ghost.
The queen bee stings you.
Luiriw's ghost hits you but does no damage.
You take 4 damage, and have 77/116 hp.
You shoot a bolt.
The bolt hits Luiriw's ghost but does no damage.
The hornet stings you but does no damage.
The queen bee barely misses you.
Luiriw's ghost hits you but does no damage.
The hornet stings you.
You take 6 damage, and have 71/116 hp.
You shoot a bolt. The bolt barely misses Luiriw's ghost.
The hornet stings you but does no damage.
You block the queen bee's attack. Luiriw's ghost barely misses you.
The hornet stings you but does no damage.
Casting: Starburst (dangerous; 6% risk of failure)
Confirm with . or Enter, or press ? or * to list all spells.
Your icy armour thickens.
The queen bee stings you.
Luiriw's ghost hits you but does no damage.
The hornet stings you but does no damage.
You take 4 damage, and have 67/116 hp.
You now have 17/31 mp.
Casting: Ozocubu's Armour (safe; 1% risk of failure)
Confirm with . or Enter, or press ? or * to list all spells.
Casting: Frozen Ramparts (safe; 1% risk of failure)
Press: ? - help, Dir - look around, f - activate The walls around you are covered in ice.
The wall freezes the hornet.
The hornet closely misses you.
The wall freezes the queen bee!
You block the queen bee's attack.
Luiriw's ghost resists.
The wall freezes Luiriw's ghost.
Luiriw's ghost hits you.
The wall freezes the hornet.
You block the hornet's attack.
You take 4 damage, and have 63/116 hp.
You now have 14/31 mp.
You are too injured to fight recklessly!
You are too injured to fight recklessly!
You are too injured to fight recklessly!
You are too injured to fight recklessly!
Shoot: f) +5 hand crossbow "Disgust of Ashenzari" {vorpal, Self, Elem} (curse)
Press: ? - help, Q - select action Shift-Dir - straight line, f - queen bee
Aim: a queen bee (lightly wounded, 71% to hit)
You shoot a bolt. The bolt hits the queen bee.
The wall freezes the queen bee.
The queen bee stings you but does no damage.
Luiriw's ghost resists.
The wall freezes Luiriw's ghost.
You block Luiriw's ghost's attack.
The wall freezes the hornet!
The hornet closely misses you.
Shoot: f) +5 hand crossbow "Disgust of Ashenzari" {vorpal, Self, Elem} (curse)
Press: ? - help, Q - select action Shift-Dir - straight line, f/p - queen bee
Aim: a queen bee (moderately wounded, 71% to hit)
You shoot a bolt. The bolt hits the queen bee.
The wall freezes the hornet.
The hornet closely misses you.
The wall freezes the queen bee!
The queen bee stings you but does no damage.
Luiriw's ghost resists.
The wall freezes Luiriw's ghost.
Luiriw's ghost hits you!
The wall freezes the hornet.
You block the hornet's attack.
Luiriw's ghost resists.
The wall freezes Luiriw's ghost.
Luiriw's ghost hits you!
The wall freezes the queen bee.
The queen bee closely misses you.
You take 24 damage, and have 39/116 hp.
MASSIVE DAMAGE!!
Shoot: f) +5 hand crossbow "Disgust of Ashenzari" {vorpal, Self, Elem} (curse)
Press: ? - help, Q - select action Shift-Dir - straight line, f/p - queen bee
Aim: a queen bee (almost dead, 71% to hit)
You shoot a bolt.
The bolt hits the queen bee but does no damage.
The wall freezes the hornet!
The hornet stings you but does no damage.
The wall freezes the hornet.
The hornet stings you but does no damage.
Luiriw's ghost resists.
The wall freezes Luiriw's ghost.
Luiriw's ghost hits you!!
* * * LOW HITPOINT WARNING * * *
The wall freezes the queen bee.
You take 19 damage, and have 20/116 hp.
Shoot: f) +5 hand crossbow "Disgust of Ashenzari" {vorpal, Self, Elem} (curse)
Press: ? - help, Q - select action Shift-Dir - straight line, f - Luiriw's ghost
Aim: Luiriw's ghost (heavily damaged, 58% to hit)
You shoot a bolt.
The bolt hits Luiriw's ghost but does no damage.
The wall freezes the hornet.
Luiriw's ghost resists.
The wall freezes Luiriw's ghost.
Luiriw's ghost closely misses you.
Shoot: f) +5 hand crossbow "Disgust of Ashenzari" {vorpal, Self, Elem} (curse)
Press: ? - help, Q - select action Shift-Dir - straight line, f/p - Luiriw's ghost
Aim: Luiriw's ghost (heavily damaged, 58% to hit)
You shoot a bolt. The bolt closely misses Luiriw's ghost.
Luiriw's ghost completely resists.
The wall freezes Luiriw's ghost but does no damage.
Luiriw's ghost hits you!
* * * LOW HITPOINT WARNING * * *
You take 12 damage, and have 8/116 hp.
Unknown command.
You feel much better.
Luiriw's ghost resists.
The wall freezes Luiriw's ghost.
Luiriw's ghost hits you!!
You die...

###..........##
###............###
#####..(.###.###..###
#####...#########..##
.......###.#*#.###.##
.#.#...##{y.#..!##..#
####...####.###.##.P##
##.#...##...#..†##.###
.##....#[#.#.#.#@#..##
.......#".# ..#†W#.###
.#.P..©#©.#.#.#†©#©..#
.##.>..#?.#..,#..#..##
####...#?#.#.#.#.#...#
####...##.y.#...##...#
#......##.###.####..P#
.......##...#...##..##
.......###!###.###..##


You could see Luiriw's ghost.

Vanquished Creatures
  A fire dragon (Volcano)
  Fannar (Orc:1)
  3 boulder beetles
  4 hydras
  9 two-headed ogres
  A catoblepas (Lair:3)
  Urug (Orc:1)
  4 sun demons (Volcano)
  Pikel (D:6)
  4 orc knights
  3 orc sorcerers (Orc:2)
  3 ugly things
  3 cyclopes
  2 manticores (D:12)
  3 black mambas
  A torpor snail (Lair:2)
  2 gargoyles
  9 cane toads
  5 komodo dragons
  2 queen bees (Lair:3)
  3 hornets
  3 meliai (Lair:3)
  7 trolls
  Prince Ribbit (D:7)
  Grinder (D:4)
  6 blink frogs
  A culicivora (shapeshifter) (D:13)
  A vampire (D:9)
  2 wraiths (D:12)
  A basilisk (Lair:3)
  4 wyverns
  44 yaks
  7 steam dragons
  5 wargs
  2 vampire mosquitoes (D:12)
  Edmund (D:6)
  3 swamp worms (Lair:3)
  A hell hound (Volcano)
  7 water moccasins
  25 orc warriors
  6 black bears
  3 sky beasts
  4 centaurs
  8 ogres
  3 wolves (Lair:3)
  A phantom (D:5)
  7 kobold brigands
  9 bullfrogs
  3 gnoll sergeants
  5 scorpions
  7 wights
  47 killer bees
  A troll zombie (D:12)
  4 howler monkeys
  3 hounds
  2 jellies
  Crazy Yiuf (D:2)
  3 gnoll shamans
  15 orc priests
  4 iguanas
  19 orc wizards
  3 hell rats (Lair:3)
  4 ogre zombies (D:12)
  21 gnolls
  5 adders
  3 river rats
  A shadow imp (D:6)
  A white imp (D:6)
  2 ufetubi
  4 worms
  2 dart slugs
  108 orcs
  8 ball pythons
  14 endoplasms
  6 giant cockroaches
  6 goblins
  13 hobgoblins
  5 jackals
  6 quokkas
  5 bats
  2 frilled lizards (D:1)
  2 goblin skeletons (D:12)
  A goblin zombie (D:12)
  2 hobgoblin skeletons (D:12)
  3 hobgoblin zombies (D:12)
  34 kobolds
  2 orc skeletons (D:12)
  13 orc zombies (D:12)
  8 rats
626 creatures vanquished.

Vanquished Creatures (collateral kills)
  A deep elf pyromancer (D:12)
  A troll (D:11)
  A troll zombie (D:12)
  A hell rat (Lair:3)
  2 ogre zombies (D:12)
  2 orc zombies (D:12)
8 creatures vanquished.

Vanquished Creatures (others)
  2 two-headed ogres
  A manticore (D:11)
  A cyclops (D:11)
  A shadow (D:11)
  6 yaks
  An orc warrior (Orc:1)
  24 fungi
  32 plants
68 creatures vanquished.

Grand Total: 702 creatures vanquished

Notes
Turn   | Place    | Note
-------+----------+-------------------------------------------
     0 | D:1      | IndexError the Gnoll Ice Elementalist began the quest for
                  | the Orb.
     0 | D:1      | Reached XP level 1. HP: 13/13 MP: 6/6
   254 | D:1      | Reached XP level 2. HP: 19/19 MP: 7/7
   749 | D:1      | Found a faded altar of an unknown god.
   925 | D:1      | Reached XP level 3. HP: 24/25 MP: 7/9
   933 | D:1      | Reached skill level 5 in Spellcasting
  1332 | D:2      | Reached skill level 1 in Invocations
  1508 | D:2      | Found a runed translucent door.
  1509 | D:2      | Noticed Crazy Yiuf
  1949 | D:2      | Found a shimmering blue altar of Sif Muna.
  2010 | D:2      | Reached skill level 1 in Fighting
  2010 | D:2      | Reached skill level 1 in Short Blades
  2010 | D:2      | Reached skill level 1 in Long Blades
  2010 | D:2      | Reached skill level 1 in Axes
  2010 | D:2      | Reached skill level 1 in Maces & Flails
  2010 | D:2      | Reached skill level 1 in Polearms
  2010 | D:2      | Reached skill level 1 in Staves
  2010 | D:2      | Reached skill level 1 in Slings
  2010 | D:2      | Reached skill level 1 in Bows
  2010 | D:2      | Reached skill level 1 in Crossbows
  2010 | D:2      | Reached skill level 1 in Throwing
  2010 | D:2      | Reached skill level 1 in Armour
  2010 | D:2      | Reached skill level 1 in Shields
  2010 | D:2      | Reached skill level 1 in Unarmed Combat
  2010 | D:2      | Reached skill level 1 in Evocations
  2010 | D:2      | Reached XP level 4. HP: 29/32 MP: 7/11
  2023 | D:2      | Learned a level 3 spell: Frozen Ramparts
  2027 | D:2      | Learned a level 3 spell: Ozocubu's Armour
  2477 | D:2      | Killed Crazy Yiuf
  2478 | D:2      | Reached skill level 1 in Conjurations
  2478 | D:2      | Reached skill level 1 in Hexes
  2478 | D:2      | Reached skill level 1 in Summonings
  2478 | D:2      | Reached skill level 1 in Necromancy
  2478 | D:2      | Reached skill level 1 in Translocations
  2478 | D:2      | Reached skill level 1 in Transmutations
  2478 | D:2      | Reached skill level 1 in Fire Magic
  2478 | D:2      | Reached skill level 1 in Air Magic
  2478 | D:2      | Reached skill level 1 in Earth Magic
  2478 | D:2      | Reached skill level 1 in Poison Magic
  2632 | D:3      | Found a glowing drain.
  2745 | Sewer    | Entered a sewer
  2754 | Sewer    | Reached XP level 5. HP: 37/37 MP: 6/12
  2850 | Sewer    | Noticed a kobold brigand
  2857 | Sewer    | Noticed a kobold brigand
  2882 | Sewer    | Killed a kobold brigand
  2888 | Sewer    | Killed a kobold brigand
  2889 | Sewer    | Reached skill level 2 in Invocations
  2889 | Sewer    | Reached XP level 6. HP: 22/44 MP: 1/14
  3059 | Sewer    | Found a white marble altar of Elyvilon.
  3665 | D:3      | Found a hazy altar of Hepliaklqana.
  3776 | D:3      | Identified the +0 leather armour of Gafa {rF+ Int+3 Dex-2}
  3990 | D:4      | Noticed a black bear
  4003 | D:4      | Killed a black bear
  4004 | D:4      | Reached skill level 2 in Fighting
  4004 | D:4      | Reached skill level 2 in Short Blades
  4004 | D:4      | Reached skill level 2 in Long Blades
  4004 | D:4      | Reached skill level 2 in Axes
  4004 | D:4      | Reached skill level 2 in Maces & Flails
  4004 | D:4      | Reached skill level 2 in Polearms
  4004 | D:4      | Reached skill level 2 in Staves
  4004 | D:4      | Reached skill level 2 in Slings
  4004 | D:4      | Reached skill level 2 in Bows
  4004 | D:4      | Reached skill level 2 in Crossbows
  4004 | D:4      | Reached skill level 2 in Throwing
  4004 | D:4      | Reached skill level 2 in Armour
  4004 | D:4      | Reached skill level 5 in Dodging
  4004 | D:4      | Reached skill level 2 in Shields
  4004 | D:4      | Reached skill level 2 in Unarmed Combat
  4004 | D:4      | Reached skill level 2 in Evocations
  4089 | D:4      | Reached XP level 7. HP: 50/50 MP: 8/15
  4587 | D:4      | Reached skill level 2 in Conjurations
  4587 | D:4      | Reached skill level 2 in Hexes
  4587 | D:4      | Reached skill level 2 in Summonings
  4587 | D:4      | Reached skill level 2 in Necromancy
  4587 | D:4      | Reached skill level 2 in Translocations
  4587 | D:4      | Reached skill level 2 in Transmutations
  4587 | D:4      | Reached skill level 2 in Fire Magic
  4587 | D:4      | Reached skill level 2 in Air Magic
  4587 | D:4      | Reached skill level 2 in Earth Magic
  4587 | D:4      | Reached skill level 2 in Poison Magic
  4660 | D:4      | Reached skill level 5 in Stealth
  4982 | D:4      | Learned a level 2 spell: Ensorcelled Hibernation
  5001 | D:5      | Entered Level 5 of the Dungeon
  5071 | D:5      | Noticed Grinder
  5110 | D:4      | Reached skill level 3 in Invocations
  5386 | D:4      | Paralysed by Grinder for 2 turns
  5391 | D:4      | Paralysed by Grinder for 2 turns
  5409 | D:4      | Paralysed by Grinder for 3 turns
  5419 | D:4      | Killed Grinder
  5420 | D:4      | Reached skill level 3 in Fighting
  5420 | D:4      | Reached skill level 3 in Short Blades
  5420 | D:4      | Reached skill level 3 in Long Blades
  5420 | D:4      | Reached skill level 3 in Axes
  5420 | D:4      | Reached skill level 3 in Maces & Flails
  5420 | D:4      | Reached skill level 3 in Polearms
  5420 | D:4      | Reached skill level 3 in Staves
  5420 | D:4      | Reached skill level 3 in Slings
  5420 | D:4      | Reached skill level 3 in Bows
  5420 | D:4      | Reached skill level 3 in Crossbows
  5420 | D:4      | Reached skill level 3 in Throwing
  5420 | D:4      | Reached skill level 3 in Armour
  5420 | D:4      | Reached skill level 3 in Shields
  5420 | D:4      | Reached skill level 3 in Unarmed Combat
  5420 | D:4      | Reached skill level 3 in Evocations
  5420 | D:4      | Reached XP level 8. HP: 42/58 MP: 1/16
  5809 | D:5      | Reached skill level 6 in Spellcasting
  6535 | D:6      | Found a staircase to the Ecumenical Temple.
  6673 | D:5      | HP: 14/58 [poisoned by a kobold brigand (curare-tipped
                  | dart)]
  6989 | Temple   | Entered the Ecumenical Temple
  7289 | Temple   | Became a worshipper of Ashenzari the Shackled
  7348 | D:6      | Reached skill level 3 in Conjurations
  7348 | D:6      | Reached skill level 3 in Hexes
  7348 | D:6      | Reached skill level 3 in Summonings
  7348 | D:6      | Reached skill level 3 in Necromancy
  7348 | D:6      | Reached skill level 3 in Translocations
  7348 | D:6      | Reached skill level 3 in Transmutations
  7348 | D:6      | Reached skill level 3 in Fire Magic
  7348 | D:6      | Reached skill level 3 in Air Magic
  7348 | D:6      | Reached skill level 3 in Earth Magic
  7348 | D:6      | Reached skill level 3 in Poison Magic
  7348 | D:6      | Reached skill level 4 in Invocations
  7349 | D:6      | Reached skill level 6 in Dodging
  7349 | D:6      | Reached XP level 9. HP: 61/65 MP: 16/18
  7369 | D:6      | Noticed Pikel
  7599 | D:6      | Noticed Edmund
  7609 | D:6      | Killed Edmund
  7718 | D:6      | Reached skill level 4 in Fighting
  7718 | D:6      | Reached skill level 4 in Short Blades
  7718 | D:6      | Reached skill level 4 in Long Blades
  7718 | D:6      | Reached skill level 4 in Axes
  7718 | D:6      | Reached skill level 4 in Maces & Flails
  7718 | D:6      | Reached skill level 4 in Polearms
  7718 | D:6      | Reached skill level 4 in Staves
  7718 | D:6      | Reached skill level 4 in Slings
  7718 | D:6      | Reached skill level 4 in Bows
  7718 | D:6      | Reached skill level 4 in Crossbows
  7718 | D:6      | Reached skill level 4 in Throwing
  7718 | D:6      | Reached skill level 4 in Armour
  7718 | D:6      | Reached skill level 4 in Shields
  7718 | D:6      | Reached skill level 4 in Unarmed Combat
  7718 | D:6      | Reached skill level 4 in Evocations
  8024 | D:6      | Reached skill level 6 in Stealth
  8024 | D:6      | Reached skill level 8 in Ice Magic
  8280 | D:6      | Killed Pikel
  8281 | D:6      | Reached skill level 5 in Invocations
  8723 | D:7      | Reached skill level 7 in Spellcasting
  8909 | D:7      | Found Xeumit's General Store.
  8926 | D:7      | Reached XP level 10. HP: 66/73 MP: 14/20
  8929 | D:7      | Reached skill level 4 in Conjurations
  8929 | D:7      | Reached skill level 4 in Hexes
  8929 | D:7      | Reached skill level 4 in Summonings
  8929 | D:7      | Reached skill level 4 in Necromancy
  8929 | D:7      | Reached skill level 4 in Translocations
  8929 | D:7      | Reached skill level 4 in Transmutations
  8929 | D:7      | Reached skill level 4 in Fire Magic
  8929 | D:7      | Reached skill level 4 in Air Magic
  8929 | D:7      | Reached skill level 4 in Earth Magic
  8929 | D:7      | Reached skill level 4 in Poison Magic
  9091 | D:7      | Reached skill level 5 in Fighting
  9091 | D:7      | Reached skill level 5 in Short Blades
  9091 | D:7      | Reached skill level 5 in Long Blades
  9091 | D:7      | Reached skill level 5 in Axes
  9091 | D:7      | Reached skill level 5 in Maces & Flails
  9091 | D:7      | Reached skill level 5 in Polearms
  9091 | D:7      | Reached skill level 5 in Staves
  9091 | D:7      | Reached skill level 5 in Slings
  9091 | D:7      | Reached skill level 5 in Bows
  9091 | D:7      | Reached skill level 5 in Crossbows
  9091 | D:7      | Reached skill level 5 in Throwing
  9091 | D:7      | Reached skill level 5 in Armour
  9091 | D:7      | Reached skill level 5 in Shields
  9091 | D:7      | Reached skill level 5 in Unarmed Combat
  9091 | D:7      | Reached skill level 5 in Evocations
  9646 | D:7      | Noticed Prince Ribbit
  9667 | D:7      | Killed Prince Ribbit
 10055 | D:8      | Reached skill level 7 in Dodging
 10252 | D:8      | Identified a scroll of acquirement
 10254 | D:8      | Acquired the +2 pair of gloves of Fortification {Fly rC++
                  | Dex-3 SInv}
 10417 | D:8      | Found a staircase to the Lair.
 10521 | D:8      | Reached skill level 6 in Invocations
 10587 | D:8      | Reached skill level 7 in Stealth
 11078 | D:9      | Reached XP level 11. HP: 81/81 MP: 19/22
 11253 | D:9      | Reached * piety under Ashenzari
 11363 | D:9      | Found Mory's Distillery.
 11389 | D:9      | Reached skill level 6 in Fighting
 11389 | D:9      | Reached skill level 6 in Short Blades
 11389 | D:9      | Reached skill level 6 in Long Blades
 11389 | D:9      | Reached skill level 6 in Axes
 11389 | D:9      | Reached skill level 6 in Maces & Flails
 11389 | D:9      | Reached skill level 6 in Polearms
 11389 | D:9      | Reached skill level 6 in Staves
 11389 | D:9      | Reached skill level 6 in Slings
 11389 | D:9      | Reached skill level 6 in Bows
 11389 | D:9      | Reached skill level 6 in Crossbows
 11389 | D:9      | Reached skill level 6 in Throwing
 11389 | D:9      | Reached skill level 6 in Armour
 11389 | D:9      | Reached skill level 6 in Shields
 11389 | D:9      | Reached skill level 6 in Unarmed Combat
 11389 | D:9      | Reached skill level 6 in Evocations
 11512 | D:9      | Found Mynom's Weapon Shoppe.
 11645 | D:9      | Reached skill level 5 in Conjurations
 11645 | D:9      | Reached skill level 5 in Hexes
 11645 | D:9      | Reached skill level 5 in Summonings
 11645 | D:9      | Reached skill level 5 in Necromancy
 11645 | D:9      | Reached skill level 5 in Translocations
 11645 | D:9      | Reached skill level 5 in Transmutations
 11645 | D:9      | Reached skill level 5 in Fire Magic
 11645 | D:9      | Reached skill level 5 in Air Magic
 11645 | D:9      | Reached skill level 5 in Earth Magic
 11645 | D:9      | Reached skill level 5 in Poison Magic
 12037 | D:10     | Entered Level 10 of the Dungeon
 12355 | D:10     | Reached skill level 8 in Spellcasting
 12745 | D:10     | Learned a level 3 spell: Summon Guardian Golem
 12749 | D:10     | Learned a level 3 spell: Call Canine Familiar
 12934 | D:10     | Identified the +4 pair of boots of Wiracw {rElec rPois
                  | Str+3 Int+2}
 13123 | D:10     | Noticed a two-headed ogre
 13183 | D:10     | Killed a two-headed ogre
 13184 | D:10     | Reached skill level 8 in Dodging
 13184 | D:10     | Reached skill level 9 in Ice Magic
 13184 | D:10     | Reached skill level 7 in Invocations
 13542 | D:10     | Reached ** piety under Ashenzari
 13924 | D:11     | Noticed a boulder beetle
 14023 | D:11     | Killed a boulder beetle
 14074 | D:11     | Found an iron altar of Okawaru.
 14126 | D:11     | Noticed a two-headed ogre
 14136 | D:11     | Killed a two-headed ogre
 14137 | D:11     | Reached skill level 8 in Stealth
 14487 | D:11     | Noticed a manticore
 14507 | D:11     | Killed a manticore
 14508 | D:11     | Reached XP level 12. HP: 75/92 MP: 25/25
 15167 | D:12     | Reached skill level 7 in Fighting
 15167 | D:12     | Reached skill level 7 in Short Blades
 15167 | D:12     | Reached skill level 7 in Long Blades
 15167 | D:12     | Reached skill level 7 in Axes
 15167 | D:12     | Reached skill level 7 in Maces & Flails
 15167 | D:12     | Reached skill level 7 in Polearms
 15167 | D:12     | Reached skill level 7 in Staves
 15167 | D:12     | Reached skill level 7 in Slings
 15167 | D:12     | Reached skill level 7 in Bows
 15167 | D:12     | Reached skill level 7 in Crossbows
 15167 | D:12     | Reached skill level 7 in Throwing
 15167 | D:12     | Reached skill level 7 in Armour
 15167 | D:12     | Reached skill level 7 in Shields
 15167 | D:12     | Reached skill level 7 in Unarmed Combat
 15167 | D:12     | Reached skill level 7 in Evocations
 15237 | D:12     | Noticed a two-headed ogre
 15267 | D:12     | HP: 14/93 [two-headed ogre/+0 giant club (25)]
 15267 | D:12     | HP: 4/93 [two-headed ogre/+0 giant club (10)]
 15271 | D:12     | Killed a two-headed ogre
 15661 | D:12     | Reached skill level 6 in Conjurations
 15661 | D:12     | Reached skill level 6 in Hexes
 15661 | D:12     | Reached skill level 6 in Summonings
 15661 | D:12     | Reached skill level 6 in Necromancy
 15661 | D:12     | Reached skill level 6 in Translocations
 15661 | D:12     | Reached skill level 6 in Transmutations
 15661 | D:12     | Reached skill level 6 in Fire Magic
 15661 | D:12     | Reached skill level 6 in Air Magic
 15661 | D:12     | Reached skill level 6 in Earth Magic
 15661 | D:12     | Reached skill level 6 in Poison Magic
 15962 | D:12     | Reached skill level 8 in Invocations
 16149 | D:12     | Reached skill level 9 in Spellcasting
 16371 | D:12     | Noticed a boulder beetle
 16421 | D:12     | Killed a boulder beetle
 16555 | D:9      | Bought a +5 hand crossbow for 457 gold pieces
 16647 | D:12     | Noticed a two-headed ogre
 16660 | D:12     | Killed a two-headed ogre
 16893 | D:12     | Found a staircase to the Orcish Mines.
 17347 | D:13     | Noticed a two-headed ogre
 17500 | D:13     | Reached *** piety under Ashenzari
 17618 | D:13     | Killed a two-headed ogre
 17619 | D:13     | Reached skill level 9 in Dodging
 17829 | D:13     | Identified the +5 ring mail "Gaibenus" {Fly rElec Regen+
                  | Str+4 Dex-5}
 18301 | D:14     | Noticed a six-headed hydra
 18315 | D:14     | Killed a six-headed hydra
 18328 | D:14     | Noticed a boulder beetle
 18345 | D:14     | Killed a boulder beetle
 18647 | D:14     | Found a runed translucent door.
 18648 | D:14     | Noticed Roxanne
 18807 | D:14     | Noticed Jorgrun
 19366 | D:14     | HP: 16/97 [Jorgrun/iron shot (29)]
 19371 | D:14     | HP: 10/97 [constriction (11)]
 19376 | D:14     | HP: 16/97 [Jorgrun/blast of rock fragments (7)]
 19774 | Orc:1    | Entered Level 1 of the Orcish Mines
 19781 | Orc:1    | Noticed Urug
 19845 | Orc:1    | Found a dark tunnel.
 19853 | Volcano  | Entered a volcano
 20059 | Volcano  | Reached XP level 13. HP: 99/104 MP: 23/28
 20102 | Volcano  | Reached skill level 9 in Stealth
 20291 | Volcano  | Reached skill level 8 in Fighting
 20291 | Volcano  | Reached skill level 8 in Short Blades
 20291 | Volcano  | Reached skill level 8 in Long Blades
 20291 | Volcano  | Reached skill level 8 in Axes
 20291 | Volcano  | Reached skill level 8 in Maces & Flails
 20291 | Volcano  | Reached skill level 8 in Polearms
 20291 | Volcano  | Reached skill level 8 in Staves
 20291 | Volcano  | Reached skill level 8 in Slings
 20291 | Volcano  | Reached skill level 8 in Bows
 20291 | Volcano  | Reached skill level 8 in Crossbows
 20291 | Volcano  | Reached skill level 8 in Throwing
 20291 | Volcano  | Reached skill level 8 in Armour
 20291 | Volcano  | Reached skill level 8 in Shields
 20291 | Volcano  | Reached skill level 8 in Unarmed Combat
 20291 | Volcano  | Reached skill level 8 in Evocations
 20490 | Volcano  | Noticed a fire dragon
 20528 | Volcano  | Killed a fire dragon
 20902 | Orc:1    | Killed Urug
 21250 | Orc:1    | Reached skill level 9 in Invocations
 21426 | Orc:1    | HP: 20/104 [cyclops/large rock (16)]
 21829 | Orc:1    | Reached skill level 10 in Ice Magic
 22290 | Orc:1    | Noticed Fannar
 22318 | Orc:1    | Killed Fannar
 22490 | Orc:2    | Entered Level 2 of the Orcish Mines
 22498 | Orc:1    | Learned a level 4 spell: Hailstorm
 22784 | Orc:2    | HP: 21/105 [two-headed ogre/+0 giant club (17)]
 22786 | Orc:2    | Reached skill level 7 in Conjurations
 22786 | Orc:2    | Reached skill level 7 in Hexes
 22786 | Orc:2    | Reached skill level 7 in Summonings
 22786 | Orc:2    | Reached skill level 7 in Necromancy
 22786 | Orc:2    | Reached skill level 7 in Translocations
 22786 | Orc:2    | Reached skill level 7 in Transmutations
 22786 | Orc:2    | Reached skill level 7 in Fire Magic
 22786 | Orc:2    | Reached skill level 7 in Air Magic
 22786 | Orc:2    | Reached skill level 7 in Earth Magic
 22786 | Orc:2    | Reached skill level 7 in Poison Magic
 23645 | Orc:2    | Learned a level 5 spell: Fireball
 23869 | Orc:2    | Found Vunozx Gomy's Magic Scroll Boutique.
 24033 | Orc:2    | Found Ytsinn's Magic Scroll Shop.
 24043 | Orc:2    | Reached skill level 10 in Spellcasting
 24158 | Orc:2    | Bought a scroll of blinking for 97 gold pieces
 24158 | Orc:2    | Bought a scroll of blinking for 97 gold pieces
 24720 | Orc:2    | Found a staircase to the Elven Halls.
 24799 | Orc:2    | Paralysed by an orc sorcerer for 2 turns
 25041 | Orc:2    | Noticed Rupert
 25344 | Orc:2    | Reached skill level 10 in Dodging
 25344 | Orc:2    | Reached XP level 14. HP: 113/113 MP: 27/30
 25622 | Lair:1   | Entered Level 1 of the Lair of Beasts
 25679 | Lair:1   | Found a runed translucent gate.
 25679 | Lair:1   | Found a runed translucent gate.
 25688 | Lair:1   | Found a runed translucent gate.
 26235 | Lair:1   | Noticed dricus's ghost (journeyman GnWn)
 26737 | Lair:2   | Reached skill level 9 in Fighting
 26737 | Lair:2   | Reached skill level 9 in Short Blades
 26737 | Lair:2   | Reached skill level 9 in Long Blades
 26737 | Lair:2   | Reached skill level 9 in Axes
 26737 | Lair:2   | Reached skill level 9 in Maces & Flails
 26737 | Lair:2   | Reached skill level 9 in Polearms
 26737 | Lair:2   | Reached skill level 9 in Staves
 26737 | Lair:2   | Reached skill level 9 in Slings
 26737 | Lair:2   | Reached skill level 9 in Bows
 26737 | Lair:2   | Reached skill level 9 in Crossbows
 26737 | Lair:2   | Reached skill level 9 in Throwing
 26737 | Lair:2   | Reached skill level 9 in Armour
 26737 | Lair:2   | Reached skill level 9 in Shields
 26737 | Lair:2   | Reached skill level 9 in Unarmed Combat
 26737 | Lair:2   | Reached skill level 9 in Evocations
 26913 | Lair:2   | Reached skill level 10 in Stealth
 27761 | Lair:2   | Reached **** piety under Ashenzari
 28099 | Lair:3   | Reached skill level 10 in Invocations
 28248 | Lair:3   | Found a transporter.
 28248 | Lair:3   | Found a transporter.
 28249 | Lair:3   | Noticed Luiriw's ghost (journeyman TrMo)
 29157 | Lair:3   | Identified the +0 pair of boots of the Loofah {Fly rElec
                  | rC+ Str+3}
 29314 | Lair:3   | Found a staircase to the Snake Pit.
 29779 | Lair:3   | Learned a level 6 spell: Starburst
 29787 | Lair:3   | Learned a level 7 spell: Ozocubu's Refrigeration
 30666 | Lair:3   | Found a staircase to the Swamp.
 30919 | Lair:3   | HP: 20/116 [Luiriw's ghost (19)]
 30921 | Lair:3   | HP: 8/116 [Luiriw's ghost (13)]
 30922 | Lair:3   | Slain by Luiriw's ghost

Illustrated notes

Levels and vault maps discovered:
D:1:      enne_arrival_octagon_isle, layout_loops_ring,
          hellmonk_ecumenical_altar_zigzags
D:2:      layout_basic, basic_altar, uniq_crazy_yiuf_cottage
D:3:      layout_loops_ring, general_overflow_altar, gup_sewer_entry_pipe,
          feat_on_display
D:4:      cheibrodos_barr_body, layout_basic, corexii_hall_statues_u,
          minmay_fractal_squares_5
D:5:      layout_basic, corexii_hall_statues_l, uniq_grinder
D:6:      layout_cave_pods, temple_fountains, uniq_edmund, uniq_pikel
D:7:      layout_cave_pools, serial_shops, shop, uniq_prince_ribbit1
D:8:      layout_cave_pools, grunt_lair_entry_orc_guard_hut,
          dreamdust_gnoll_shepherd
D:9:      layout_roguey, serial_shops, shop, nicolae_lakefront_shop
D:10:     layout_gridville
D:11:     layout_irregular_city, okawaru_ov_weapons_minmay
D:12:     layout_cave_pools, zombieorc2_lemuel, grunt_ministairs_6
D:13:     layout_loops_ring
D:14:     gammafunk_mikee_crab_dinner, layout_loops_ring,
          lightli_vaults_fourway_checkpoint, pond, uniq_agnes, uniq_louise,
          uniq_jorgrun, uniq_roxanne
Temple:   compressed_dpeg_triangle_lava_temple
Lair:1:   layout_chaotic_city, gammafunk_ghost_necromancy
Lair:2:   layout_cave_pods
Lair:3:   regret_index_tunnel_blossom, layout_regular_city,
          palyth_hydra_swamp_entry, guppyfry_snake_entry_garden,
          gammafunk_ghost_hive, kennysheep_abandoned_house
Orc:1:    layout_caves, nicolae_volcano_entry_two_sided, uniq_urug, uniq_fannar
Orc:2:    pubby_orc_utopia, uniq_rupert

Skill      XL: |  1  2  3  4  5  6  7  8  9 10 11 12 13 14 |
---------------+-------------------------------------------+-----
Spellcasting   | 5 6 7 8 9 10 | 10.8
Invocations    | 1 2 3 4 5 6 7 8 9 10 | 10.4
Fighting       | 1 2 3 4 5 6 7 8 9 |  9.5
Short Blades   | 1 2 3 4 5 6 7 8 9 |  9.5
Long Blades    | 1 2 3 4 5 6 7 8 9 |  9.5
Axes           | 1 2 3 4 5 6 7 8 9 |  9.5
Maces & Flails | 1 2 3 4 5 6 7 8 9 |  9.5
Polearms       | 1 2 3 4 5 6 7 8 9 |  9.5
Staves         | 1 2 3 4 5 6 7 8 9 |  9.5
Slings         | 1 2 3 4 5 6 7 8 9 |  9.5
Bows           | 1 2 3 4 5 6 7 8 9 |  9.5
Crossbows      | 1 2 3 4 5 6 7 8 9 |  9.5
Throwing       | 1 2 3 4 5 6 7 8 9 |  9.5
Armour         | 1 2 3 4 5 6 7 8 9 |  9.5
Shields        | 1 2 3 4 5 6 7 8 9 |  9.5
Unarmed Combat | 1 2 3 4 5 6 7 8 9 |  9.5
Evocations     | 1 2 3 4 5 6 7 8 9 |  9.5
Conjurations   | 1 2 3 4 5 6 7 |  7.9
Hexes          | 1 2 3 4 5 6 7 |  7.9
Summonings     | 1 2 3 4 5 6 7 |  7.9
Necromancy     | 1 2 3 4 5 6 7 |  7.9
Translocations | 1 2 3 4 5 6 7 |  7.9
Transmutations | 1 2 3 4 5 6 7 |  7.9
Fire Magic     | 1 2 3 4 5 6 7 |  7.9
Air Magic      | 1 2 3 4 5 6 7 |  7.9
Earth Magic    | 1 2 3 4 5 6 7 |  7.9
Poison Magic   | 1 2 3 4 5 6 7 |  7.9
Dodging        | 5 6 7 8 9 10 | 10.6
Stealth        | 5 6 7 8 9 10 | 10.4
Ice Magic      | 8 9 10 | 10.7

Action                   |  1- 3 |  4- 6 |  7- 9 | 10-12 | 13-15 || total
-------------------------+-------+-------+-------+-------+-------++-------
Melee: Short sword       |     4 |       |       |       |       ||     4
       Bite              |     3 |    10 |    30 |    71 |     1 ||   115
       Dagger            |    18 |    71 |   200 |     5 |       ||   294
       Punch             |       |       |     2 |       |       ||     2
       Whip              |       |       |    30 |   436 |       ||   466
       Hand crossbow     |       |       |       |       |     1 ||     1
 Fire: Hand crossbow     |       |       |       |   182 |   952 ||  1134
Throw: Dart              |       |       |     2 |       |       ||     2
 Cast: Freeze            |    48 |    21 |    41 |    82 |    32 ||   224
       Frozen Ramparts   |       |     9 |    27 |    37 |    80 ||   153
       Ozocubu's Armour  |       |     5 |    11 |    36 |    44 ||    96
       Call Canine Famil |       |       |       |    20 |     5 ||    25
       Summon Guardian G |       |       |       |    20 |     5 ||    25
       Ensorcelled Hiber |       |       |       |       |     7 ||     7
       Hailstorm         |       |       |       |       |     3 ||     3
       Starburst         |       |       |       |       |     3 ||     3
Invok: Curse Item        |       |       |       |     5 |     1 ||     6
Evoke: Wand              |       |       |     1 |       |     1 ||     2
  Use: Potion            |       |       |     2 |     4 |     1 ||     7
       Scroll            |       |       |       |    14 |     2 ||    16
 Stab: Sleeping          |     6 |     5 |    10 |     6 |       ||    27
       Paralysed         |       |       |     2 |       |       ||     2
       Distracted        |       |       |       |     3 |       ||     3
Armor: Robe              |    10 |    11 |       |       |       ||    21
       Leather armour    |       |     6 |    75 |   298 |   265 ||   644
Dodge: Dodged            |    25 |    45 |   190 |   362 |   419 ||  1041
Block: Buckler           |       |       |    36 |   124 |   165 ||   325

Table legend: (Time is in decaauts)
 A = Elapsed time spent in this place.
 B = Non-inter-level travel time spent in this place.
 C = Inter-level travel time spent in this place.
 D = Time resting spent in this place.
 E = Time spent auto-exploring this place.
 F = Levels seen in this place.
 G = Mean time per level.
                   A        B        C        D        E       F      G
               +--------+--------+--------+--------+--------+-----+--------+
         Total |  31100 |  29010 |   2090 |     98 |  23283 |  22 | 1413.6 |
       Dungeon |  19202 |  17542 |   1660 |     53 |  14206 |  14 | 1371.6 |
        Temple |    313 |    292 |     21 |      0 |    276 |   1 |  313.0 |
          Lair |   5364 |   5186 |    178 |      0 |   4237 |   3 | 1788.0 |
  Orcish Mines |   4878 |   4648 |    230 |     44 |   3490 |   2 | 2439.0 |
         Sewer |    377 |    377 |      0 |      0 |    304 |   1 |  377.0 |
       Volcano |    964 |    964 |      0 |      0 |    770 |   1 |  964.0 |
               +--------+--------+--------+--------+--------+-----+--------+

Top non-repeatable levels by time:
   Orc:2: 2961 daAuts
  Lair:3: 2762 daAuts
    D:12: 1956 daAuts
   Orc:1: 1916 daAuts
    D:10: 1828 daAuts
  Lair:2: 1626 daAuts
    D:11: 1570 daAuts
    D:13: 1553 daAuts
     D:4: 1543 daAuts
     D:5: 1468 daAuts
     D:6: 1421 daAuts
     D:2: 1305 daAuts
     D:1: 1250 daAuts
     D:7: 1227 daAuts
     D:9: 1185 daAuts

Table legend:
 A = Kills in this place as a percentage of kills in entire the game.
 B = Kills by you in this place as a percentage of kills by you in the entire game.
 C = Kills by friends in this place as a percentage of kills by friends in the entire game.
 D = Other kills in this place as a percentage of other kills in the entire game.
 E = Experience gained in this place as a percentage of experience gained in the entire game.
 F = Experience gained in this place divided by the number of levels of this place that you have seen.
                   A       B       C       D       E      F
               +-------+-------+-------+-------+-------+----------------------
         Total | 100.0 | 100.0 | 100.0 | 100.0 | 100.0 | 3615.7
       Dungeon |  54.8 |  53.7 |  87.5 |  91.7 |  38.3 | 2177.9
          Lair |  19.3 |  19.8 |  12.5 |   0.0 |  31.2 | 8264.0
  Orcish Mines |  22.8 |  23.3 |   0.0 |   8.3 |  24.1 | 9573.5
         Sewer |   1.5 |   1.6 |   0.0 |   0.0 |   0.3 | 230.0
       Volcano |   1.5 |   1.6 |   0.0 |   0.0 |   6.1 | 4886.0
               +-------+-------+-------+-------+-------+----------------------
